 Dungeon Crawl Stone Soup version 0.27-a0-1245-g940ed4fa31 (webtiles) character file.

Game seed: 363844268973769351

206 deadmanwalking the Sneak (level 5, -2/38 HPs)
             Began as a Vampire Brigand on June 9, 2021.
             Was a Follower of Uskayaw.
             Killed from afar by an acid dragon (10 damage)
             ... with a splash of acid
             ... on level 5 of the Dungeon.
             The game lasted 00:11:08 (4134 turns).

deadmanwalking the Sneak (Vampire Brigand)          Turns: 4134, Time: 00:11:09

Health: -2/38      AC:  7    Str: 10    XL:     5   Next: 53%
Magic:  5/5        EV: 11    Int: 14    God:    Uskayaw [*.....]
Gold:   122        SH:  9    Dex: 16    Spells: 4/4 levels left

rFire    . . .     SeeInvis +   a - +2 dagger
rCold    . . .     Faith    .   i - +0 buckler
rNeg     . . .     Spirit   .   f - +1 robe {Will+}
rPois    .         Reflect  +   (no helmet)
rElec    .         Harm     .   c - +0 cloak
rCorr    .         Rampage  .   v - +2 pair of gloves
Will     +....                  (no boots)
Stlth    ++++......             t - amulet of reflection
HPRegen  0.32/turn              (no ring)
MPRegen  0.09/turn              (no ring)

@: healing quickly
A: alive, fangs 3, see invisible, vampiric 2
a: Exsanguinate, Renounce Religion, Stomp


You were on level 5 of the Dungeon.
You worshipped Uskayaw.
Uskayaw was noncommittal.
You visited 2 branches of the dungeon, and saw 6 of its levels.

You collected 122 gold pieces.

Inventory:

Hand Weapons
 a - a +2 dagger (weapon)
Missiles
 d - 22 poisoned darts (quivered)
 e - 6 curare-tipped darts
 g - 45 bolts
 k - 72 stones
 m - 4 atropa-tipped darts
 n - 37 arrows
 r - 56 sling bullets
 u - 13 boomerangs
Armour
 c - a +0 cloak (worn)
 f - a +1 robe of willpower (worn)
 i - a +0 buckler (worn)
 v - a +2 pair of gloves (worn)
Magical Staves
 h - a staff of earth
 j - a staff of poison
Jewellery
 t - an amulet of reflection (around neck)
Wands
 s - a wand of flame (17)
 x - a wand of paralysis (12)
Potions
 b - 2 potions of magic
 l - 4 potions of curing
 o - a potion of mutation
 p - a potion of might {unknown}
 q - 2 potions of heal wounds
 w - a potion of lignification {unknown}
 z - 2 potions of brilliance {unknown}
 A - a potion of flight {unknown}


   Skills:
 - Level 1.7 Fighting
 * Level 4.3 Short Blades
 - Level 2.3 Throwing
 - Level 1.1 Dodging
 + Level 7.0 Stealth
 + Level 1.6 Shields
 + Level 1.1 Invocations


You had 4 spell levels left.
You didn't know any spells.
Your spell library contained the following spells:

 Spells                   Type           Power      Damage    Failure   Level
 Tukima's Dance           Hex            0%         N/A       75%         3
 Cause Fear               Hex            0%         N/A       98%         4
 Lee's Rapid Deconstruct  Erth           0%         3d5*      100%        5
 Metabolic Englaciation   Hex/Ice        0%         N/A       100%        5


Dungeon Overview and Level Annotations

Branches:
Dungeon (5/15)             Temple (1/1) D:4

Altars:
Ashenzari
Cheibriados
Dithmenos
Fedhas
Gozag
Hepliaklqana
Makhleb
Qazlal
Sif Muna
Uskayaw
Vehumet
Zin

Shops:
D:2 *

Annotations:
D:2 1 runed translucent door, Crazy Yiuf


Innate Abilities, Weirdness & Mutations

Your natural rate of healing is accelerated.
You have razor-sharp teeth.
You have supernaturally acute eyesight. (SInv)
You are afflicted with vampirism and can become a bat while bloodless.


Message History

You closely miss the hound zombie. You bite the hound zombie.
The hound zombie is almost destroyed.
The hound zombie barely misses you.
You hit the hound zombie.
You destroy the hound zombie!
y - a scroll labelled RUPPUF IMNOMEH
As you read the scroll labelled RUPPUF IMNOMEH, it crumbles to dust.
Magic quickly surges around you.
It was a scroll of vulnerability.
You now have 122 gold pieces (gained 10).
An adder comes into view.
The adder hisses angrily.
You hit the adder but do no damage. The adder bites you but does no damage.
You hit the adder. You bite the adder.
The adder is almost dead.
The adder barely misses you.
You miss the adder.
The adder is almost dead.
You block the adder's attack.
You hit the adder.
You kill the adder!
You feel your willpower return.
b - 2 potions of magic (gained 1)
You open the door.
There is an open door here.
An adder comes into view.
Found a whip.
Found a trident.
No target in view!
No target in view!
Found a cloak.
An acid dragon comes into view.
The acid dragon spits acid at you. The splash of acid hits you!
You are splashed with acid!!
Ouch! That really hurt!
* * * LOW HITPOINT WARNING * * *
You are too injured to fight recklessly!
You are too injured to fight recklessly!
The acid dragon spits acid at you. The splash of acid hits you!
You die...

.....####...#..........
..............D.....#..
..........###.......... ..
.........###..........
..######.....#.......###..
#..>.#.......##........... .
#.............##.#....###..
..............##.#..#.... #
............#.##@##......#
...##.......#....###).....
...##.......#....# .....#
......#+#'#.##...## ...#.#
.<..........#.....#....#
............#.....#.......
..................... .....
....##.#.......###.#++......
.......#.......#.............


You could see an acid dragon (catching breath).

Vanquished Creatures
  Jessica (D:3)
  A hound zombie (D:5)
  4 gnolls (D:4)
  7 adders
  3 worms (D:2)
  3 dart slugs
  3 bats
  4 endoplasms
  4 giant cockroaches
  A goblin (D:2)
  3 hobgoblins
  3 jackals (D:2)
  8 kobolds
  A quokka (D:1)
  3 ball pythons
  A frilled lizard (D:1)
  6 rats
56 creatures vanquished.

Notes
Turn   | Place    | Note
-------+----------+-------------------------------------------
     0 | D:1      | deadmanwalking the Vampire Brigand began the quest for the
                  | Orb.
     0 | D:1      | Reached XP level 1. HP: 16/16 MP: 1/1
   151 | D:1      | Reached skill level 6 in Stealth
   350 | D:1      | Reached XP level 2. HP: 22/22 MP: 2/2
   733 | D:2      | Found a runed translucent door.
   734 | D:2      | Noticed Crazy Yiuf
  1011 | D:2      | Gained mutation: You are afflicted with vampirism and can
                  | become a bat while bloodless. [Vampire growth]
  1011 | D:2      | Reached XP level 3. HP: 9/27 MP: 3/3
  1311 | D:2      | Found a faded altar of an unknown god.
  1320 | D:2      | Became a worshipper of Uskayaw the Reveller
  1320 | D:2      | Reached * piety under Uskayaw
  1349 | D:2      | Reached ** piety under Uskayaw
  1359 | D:2      | Found Aroet's Assorted Antiques.
  1454 | D:2      | Reached XP level 4. HP: 30/33 MP: 4/4
  2002 | D:3      | Noticed Jessica
  2020 | D:3      | Killed Jessica
  2021 | D:3      | Reached skill level 1 in Shields
  2461 | D:3      | Identified the Almanac of Ashen Beguiling
  3225 | D:4      | Reached XP level 5. HP: 12/38 MP: 5/5
  3361 | D:4      | Reached skill level 1 in Invocations
  3489 | D:4      | Found a staircase to the Ecumenical Temple.
  3496 | Temple   | Entered the Ecumenical Temple
  3953 | D:5      | Entered Level 5 of the Dungeon
  4024 | D:5      | Reached skill level 7 in Stealth
  4122 | D:5      | Noticed an acid dragon
  4134 | D:5      | Killed from afar by an acid dragon

Illustrated notes

Levels and vault maps discovered:
D:1:      lightli_arrival_maybe_door_vault, layout_basic
D:2:      layout_loops_ring, ebering_ecumenical_altar_hall, serial_shops,
          nicolae_shop_window_shopping, uniq_crazy_yiuf_cottage
D:3:      layout_basic, old_standard_altar, uniq_jessica
D:4:      layout_loops_ring, temple_statues
D:5:      layout_basic, kennysheep_potato
Temple:   jpeg_temple_clearing

Skill      XL: |  1  2  3  4  5 |
---------------+----------------+-----
Stealth        | 6 7 |  7.0
Short Blades   | 3 4 |  4.3
Throwing       | 2 |  2.3
Shields        | 1 |  1.6
Invocations    | 1 |  1.1
Fighting       | |  1.7
Dodging        | |  1.1

Action                   |  1- 3 |  4- 6 || total
-------------------------+-------+-------++-------
Melee: Dagger            |   114 |    89 ||   203
       Bite              |    12 |     8 ||    20
Throw: Dart              |     5 |     7 ||    12
  Use: Scroll            |     2 |     6 ||     8
 Stab: Sleeping          |    10 |     7 ||    17
       Distracted        |       |     1 ||     1
Armor: Robe              |    17 |    16 ||    33
Dodge: Dodged            |    56 |    22 ||    78
Block: Buckler           |     9 |    34 ||    43

Table legend: (Time is in decaauts)
 A = Elapsed time spent in this place.
 B = Non-inter-level travel time spent in this place.
 C = Inter-level travel time spent in this place.
 D = Time resting spent in this place.
 E = Time spent auto-exploring this place.
 F = Levels seen in this place.
 G = Mean time per level.
                   A        B        C        D        E       F      G
               +--------+--------+--------+--------+--------+-----+--------+
         Total |   4119 |   3773 |    346 |      0 |   3101 |   6 |  686.5 |
       Dungeon |   3978 |   3649 |    329 |      0 |   2979 |   5 |  795.6 |
        Temple |    140 |    123 |     17 |      0 |    122 |   1 |  140.0 |
               +--------+--------+--------+--------+--------+-----+--------+

Top non-repeatable levels by time:
     D:3: 1362 daAuts
     D:2: 1098 daAuts
     D:4: 711 daAuts
     D:1: 691 daAuts
  Temple: 140 daAuts
     D:5: 114 daAuts
